 Dungeon Crawl Stone Soup version 0.31-a0-1098-g6898e6545c (webtiles) character file.

Game seed: 8958587818659537227

14501 Dirtsage the Mimic (level 12, -4/87 HPs)
             Began as an Octopode Shapeshifter on Nov 30, 2023.
             Was an Initiate of Gozag.
             Slain by a skyshark (5 damage)
             ... on level 1 of the Lair of Beasts.
             The game lasted 00:31:08 (14871 turns).

Dirtsage the Mimic (Octopode Shapeshifter)         Turns: 14871, Time: 00:31:09

Health: -4/87      AC:  1    Str: 20    XL:     12   Next: 17%
Magic:  21/21      EV: 19    Int: 13    God:    Gozag
Gold:   1847       SH:  0    Dex: 21    Spells: 11/11 levels left

rFire   + .          .
                       - Unarmed
rCold   . . .        (shield currently unavailable)
rNeg    . . .        (helmet restricted)
rPois   .            (no amulet)
rElec   .            C - ring of resist corrosion
rCorr   +            u - ring of willpower
SInv    .            E - ring of magical power
Will    +....        A - +6 ring of strength
Stlth   +            D - +6 ring of dexterity
HPRegen 0.34/turn    (no ring)
MPRegen 0.17/turn    (no ring)
                     (no ring)

%: no passive effects
@: flux-form, glowing
A: glow, contaminating, almost no armour, amphibious, 8 rings, camouflage 1,
gelatinous body 1, (nimble swimmer 1), tentacles, antennae 1, fire resistance 1
a: Begin Untransformation, Renounce Religion, Potion Petition, Call Merchant,
Bribe Branch


You were on level 1 of the Lair of Beasts.
You worshipped Gozag.
Gozag was most pleased with you.
You were something dangerously unstable.
You visited 3 branches of the dungeon, and saw 12 of its levels.
You also visited: Ossuary.

You collected 2160 gold pieces.
You spent 254 gold pieces at shops.
You paid 59 gold pieces to Gozag.

Inventory:

Missiles
 m - 7 throwing nets
 w - 3 curare-tipped darts
Jewellery
 o - a ring of ice
 u - a ring of willpower (right tentacle)
 A - a +6 ring of strength (on tentacle)
 C - a ring of resist corrosion (left tentacle)
 D - a +6 ring of dexterity (on tentacle)
 E - a ring of magical power (on tentacle)
Talismans
 b - a beast talisman
 c - a flux talisman (active)
Wands
 r - a wand of iceblast (9)
 H - a wand of flame (15)
Scrolls
 e - 10 scrolls of noise
 g - 2 scrolls of fog
 j - a scroll of silence
 k - a scroll of enchant armour
 p - a scroll of torment
 s - 2 scrolls of amnesia
 t - 6 scrolls of teleportation
 v - 2 scrolls of summoning
 B - 2 scrolls of blinking
 I - 3 scrolls of revelation
 J - a scroll of poison
Potions
 a - a potion of invisibility
 d - 5 potions of might
 f - 2 potions of brilliance
 h - 2 potions of haste
 i - a potion of lignification
 l - 3 potions of heal wounds
 n - 2 potions of resistance
 q - 2 potions of curing
 x - 2 potions of magic {unknown}
 y - a potion of attraction
 z - 2 potions of mutation
 F - 3 potions of enlightenment
 G - a potion of berserk rage


   Skills:
 + Level 10.0 Fighting
 + Level 8.4 Dodging
 + Level 10.3 Unarmed Combat
 - Level 10.6 Shapeshifting


You had 11 spell levels left.
You didn't know any spells.
Your spell library contained the following spells:

 Spells                   Type           Power      Damage    Failure   Level
 Necrotise                Necr           0%         1d4       30%         1
 Slow                     Hex            0%         N/A       30%         1
 Summon Small Mammal      Summ           0%         N/A       30%         1
 Cigotuvi's Dreadful Rot  Necr/Pois/Air  0%         N/A       43%         2
 Ensorcelled Hibernation  Hex/Ice        0%         N/A       43%         2
 Jinxbite                 Hex            0%         N/A       43%         2
 Passwall                 Tmut/Erth      0%         N/A       43%         2
 Inner Flame              Hex/Fire       0%         N/A       67%         3
 Swiftness                Air            0%         N/A       67%         3
 Vampiric Draining        Necr           0%         2d6       67%         3
 Anguish                  Hex/Necr       0%         N/A       97%         4
 Dispel Undead            Necr           0%         3d6       97%         4
 Summon Lightning Spire   Summ/Air       0%         N/A       97%         4
 Agony                    Necr           0%         N/A       100%        5
 Lee's Rapid Deconstruct  Erth           0%         3d4*      100%        5
 Yara's Violent Unravell  Hex/Tmut       0%         3d3       100%        5
 Death Channel            Necr           0%         N/A       100%        6
 Enfeeble                 Hex            0%         N/A       100%        7
 Animate Armour           Summ/Erth      Unusable   N/A       N/A         4

Dungeon Overview and Level Annotations

Branches:
Dungeon (10/15)            Temple (1/1) D:5            Lair (1/5) D:9
Ossuary (visited)
    Orc: D:9-12

Altars:
Ashenzari
Cheibriados
Dithmenos
Elyvilon
Fedhas
Gozag
Hepliaklqana
Kikubaaqudgha
Makhleb
Nemelex Xobeh
Okawaru
Qazlal
Ru
Sif Muna
Trog
Uskayaw
Vehumet
Wu Jian
Xom
Yredelemnul
Zin
The Shining One

Shops:
D:3 =(   D:7 ?*(

Annotations:
D:5 1 runed translucent door, TheLordTroll's ghost, amateur MiFi


Innate Abilities, Weirdness & Mutations

You are something dangerously unstable.
You glow with magical radiation, making you easy to see and hit.
Foes you strike become dangerously contaminated with magical radiation.
You are incapable of wielding weapons or throwing items.
You cannot wear most types of armour.
You are amphibious.
You can wear up to eight rings at the same time.
Your skin changes colour to match your surroundings (Stealth+).
Your rubbery body absorbs attacks. (AC +1, EV +1)
((You are camouflaged when in or above water. (Stealth+)))
You have tentacles for arms and can constrict up to eight enemies at once.
You have a pair of small antennae on your head.
Your flesh is heat resistant. (rF+)


Message History

The skyshark bites you.
The skyshark tastes blood and grows stronger!
The skyshark tail-slaps you. x2
You take 14 damage, and have 73/87 hp.
You tentacle-slap the skyshark but do no damage.
The skyshark glows dangerously bright.
You squeeze the skyshark.
The skyshark is lightly wounded.
The skyshark bites you!!
The skyshark enters a blood-rage!
The skyshark tail-slaps you! The skyshark completely misses you.
You take 30 damage, and have 43/87 hp.
MASSIVE DAMAGE!!
You bludgeon the skyshark!
The skyshark shudders as magic cascades through it!
The skyshark twists and deforms.
The skyshark is moderately wounded.
The skyshark misses you. x2; The skyshark closely misses you.
You bludgeon the skyshark!
The skyshark begins to glow.
The skyshark is moderately wounded.
The skyshark bites you!!
* * * LOW HITPOINT WARNING * * *
The skyshark tail-slaps you.
* * * LOW HITPOINT WARNING * * *
The skyshark closely misses you. The skyshark misses you.
The skyshark tail-slaps you.
* * * LOW HITPOINT WARNING * * *
The skyshark tail-slaps you!
* * * LOW HITPOINT WARNING * * *
You take 36 damage, and have 7/87 hp.
MASSIVE DAMAGE!!
You bludgeon the skyshark!
The skyshark glows dangerously bright.
The skyshark is heavily wounded.
The skyshark misses you. The skyshark tail-slaps you.
* * * LOW HITPOINT WARNING * * *
The skyshark misses you.
You take 1 damage, and have 6/87 hp.
You barely miss the skyshark.
The skyshark is heavily wounded.
The skyshark bites you.
* * * LOW HITPOINT WARNING * * *
The skyshark tail-slaps you.
You die...
Your body crumbles into a pile of gold.

.## ##.P##.###
....####..#####
..........# ##
###.......##.####
#P.###.........#
####.............
#..............
##............. .
##..p.......... ...
#..l...........
.....#..............
..........#........#
.......#########..#
......# .. ...!..
....## ....


You could see a skyshark (berserk, heavy contam, misshapen).

Vanquished Creatures
  Josephine (D:10)
  A boulder beetle (D:10)
  Erica (D:9)
  A two-headed ogre (D:10)
  Nergalle (D:10)
  Pikel (D:5)
  A komodo dragon (D:9)
  3 hornets
  Grinder (D:5)
  A vampire (D:10)
  22 yaks
  3 wraiths (D:10)
  2 wyverns (D:9)
  Menkaure (D:5)
  4 water moccasins
  Edmund (D:5)
  2 acid dragons
  Duvessa (D:6)
  2 black bears
  An ice beast (D:6)
  A sky beast (D:7)
  3 orc warriors
  2 centaurs
  An ogre (D:6)
  5 wolves (Lair:1)
  A lemure (D:5)
  2 phantoms (D:6)
  Blork the orc (D:5)
  2 kobold brigands
  6 bullfrogs
  3 gnoll sergeants (D:8)
  3 scorpions
  4 wights (D:8)
  Dowan (D:6)
  11 killer bees
  2 howler monkeys (D:10)
  3 electric eels
  A crimson imp (D:5)
  A lava snake (D:7)
  A centaur zombie (Ossuary)
  A human zombie (Ossuary)
  9 hounds
  5 jellies
  4 gnoll boudas (D:8)
  3 orc priests
  2 sleepcaps
  4 iguanas
  10 orc wizards
  4 mummies (Ossuary)
  37 gnolls
  8 adders
  2 ufetubi (D:6)
  5 dart slugs
  27 orcs
  8 ball pythons
  10 bats
  5 endoplasms
  4 giant cockroaches
  13 goblins
  6 hobgoblins
  6 jackals (D:8)
  21 kobolds
  4 quokkas
  4 frilled lizards
  A goblin skeleton (D:5)
  3 goblin zombies
  3 hobgoblin zombies
  2 kobold skeletons (D:5)
  3 kobold zombies (Ossuary)
  2 orc skeletons (D:5)
  2 orc zombies (D:5)
  4 rats
327 creatures vanquished.

Vanquished Creatures (collateral kills)
  An orc (D:5)
1 creature vanquished.

Vanquished Creatures (others)
  A gnoll (D:8)
1 creature vanquished.

Grand Total: 329 creatures vanquished

Notes
Turn   | Place    | Note
-------+----------+-------------------------------------------
     0 | D:1      | Dirtsage the Octopode Shapeshifter began the quest for the
                  | Orb.
     0 | D:1      | Reached XP level 1. HP: 13/13 MP: 1/1
    59 | D:1      | Reached XP level 2. HP: 17/18 MP: 2/2
   396 | D:1      | Reached XP level 3. HP: 22/23 MP: 3/3
   587 | D:1      | Found a faded altar of an unknown god.
  1269 | D:2      | Reached XP level 4. HP: 23/29 MP: 4/4
  1862 | D:3      | Reached XP level 5. HP: 35/35 MP: 5/5
  2196 | D:3      | Reached XP level 6. HP: 41/41 MP: 6/6
  2375 | D:3      | Found Qaoru's One-of-a-Kind Rings.
  2481 | D:3      | Found an iron altar of Okawaru.
  2500 | D:3      | Found Aczuuxur's Weapon Boutique.
  2534 | D:3      | Found an ancient bone altar of Kikubaaqudgha.
  2588 | D:3      | Found a radiant altar of Vehumet.
  2865 | D:4      | Reached skill level 5 in Shapeshifting
  3463 | D:4      | Reached XP level 7. HP: 46/46 MP: 7/7
  3885 | D:5      | Entered Level 5 of the Dungeon
  3885 | D:5      | Noticed Edmund
  3906 | D:5      | Killed Edmund
  4078 | D:5      | Found a blossoming altar of Fedhas.
  4111 | D:5      | Reached skill level 5 in Unarmed Combat
  4289 | D:5      | Found a runed translucent door.
  4408 | D:5      | Found a glowing golden altar of the Shining One.
  4424 | D:5      | Noticed Blork the orc
  4431 | D:5      | Killed Blork the orc
  4587 | D:5      | Noticed Menkaure
  4596 | D:5      | Killed Menkaure
  4597 | D:5      | Reached XP level 8. HP: 32/54 MP: 8/8
  4837 | D:5      | Noticed Pikel
  4862 | D:5      | Killed Pikel
  4863 | D:5      | Reached skill level 5 in Fighting
  4917 | D:5      | Found a staircase to the Ecumenical Temple.
  4926 | Temple   | Entered the Ecumenical Temple
  4982 | Temple   | Became a worshipper of Gozag Ym Sagoz the Greedy
  5244 | D:5      | Noticed Grinder
  5250 | D:5      | Paralysed by Grinder for 3 turns
  5257 | D:5      | Killed Grinder
  5258 | D:5      | Reached XP level 9. HP: 24/61 MP: 9/9
  5482 | D:5      | Found a bloodstained altar of Trog.
  5503 | D:5      | Found a shimmering blue altar of Sif Muna.
  5508 | D:5      | Got Sif Muna's Atlas of Spellbinding Accompaniment
  5579 | D:5      | Noticed TheLordTroll's ghost (amateur MiFi)
  6833 | D:6      | Noticed Duvessa
  6841 | D:6      | Killed Duvessa
  6845 | D:6      | Noticed Dowan
  6854 | D:6      | Killed Dowan
  7208 | D:7      | Found Alyanle's Assorted Antiques.
  7217 | D:7      | Bought a scroll of identify for 46 gold pieces
  7217 | D:7      | Bought a scroll labelled CIGIFY AMPANIO for 23 gold pieces
  7217 | D:7      | Bought a scroll labelled CIGIFY AMPANIO for 23 gold pieces
  7217 | D:7      | Bought a forked lead wand for 92 gold pieces
  7227 | D:7      | Found Iwyomnyr's Weapon Boutique.
  7410 | D:7      | Noticed a hornet
  7417 | D:7      | Killed a hornet
  7418 | D:7      | Reached XP level 10. HP: 36/69 MP: 10/10
  8253 | D:7      | Found Dips's Magic Scroll Shop.
  8257 | D:7      | Bought a scroll of teleportation for 42 gold pieces
  8257 | D:7      | Bought a scroll of identify for 28 gold pieces
  8364 | D:7      | Found an ornate altar of the Wu Jian Council.
  8570 | D:8      | Found a sand-covered staircase.
  8597 | Ossuary  | Entered an ossuary
  9860 | D:8      | Noticed a +0 dagger
  9860 | D:8      | Noticed a +0 hand axe
  9860 | D:8      | Found a hide-covered altar of Uskayaw.
  9921 | D:8      | Gained mutation: You have a pair of small antennae on your
                  | head. [potion of mutation]
  9921 | D:8      | Gained mutation: Your flesh is heat resistant. (rF+)
                  | [potion of mutation]
 10300 | D:8      | Reached skill level 5 in Dodging
 10303 | D:8      | Reached skill level 10 in Shapeshifting
 11085 | D:8      | Found a basalt altar of Yredelemnul.
 12172 | D:9      | Reached XP level 11. HP: 64/77 MP: 11/11
 12464 | D:9      | Noticed Erica
 12473 | D:9      | Killed Erica
 13286 | D:9      | Found a hazy altar of Hepliaklqana.
 13380 | D:9      | Found a staircase to the Lair.
 13421 | D:9      | Found a snail-covered altar of Cheibriados.
 13597 | D:10     | Entered Level 10 of the Dungeon
 13597 | D:10     | Noticed a boulder beetle
 13614 | D:10     | Killed a boulder beetle
 13832 | D:10     | Found a shimmering altar of Xom.
 13832 | D:10     | Found a shimmering altar of Xom.
 13832 | D:10     | Noticed a two-headed ogre
 13841 | D:10     | Killed a two-headed ogre
 13871 | D:10     | Found a shimmering altar of Xom.
 13871 | D:10     | Found a shimmering altar of Xom.
 13995 | D:10     | Noticed Josephine
 14002 | D:10     | Killed Josephine
 14232 | D:10     | Reached skill level 10 in Unarmed Combat
 14232 | D:10     | Reached XP level 12. HP: 86/86 MP: 12/12
 14258 | D:10     | Noticed Nergalle
 14270 | D:10     | Killed Nergalle
 14433 | D:10     | Found a sparkling altar of Nemelex Xobeh.
 14537 | Lair:1   | Entered Level 1 of the Lair of Beasts
 14664 | Lair:1   | Identified the +2 leather armour of a bazaar {Rampage Int+4
                  | Stlth+}
 14723 | Lair:1   | Reached skill level 10 in Fighting
 14860 | Lair:1   | Noticed a skyshark
 14871 | Lair:1   | HP: 1/87 [skyshark (6)]
 14871 | Lair:1   | Slain by a skyshark

Illustrated notes

Levels and vault maps discovered:
D:1:      lightli_arrival_quake, layout_basic,
          shapermc_ecumenical_altar_acropolis, st_stairs_11,
          dreamdust_wishing_well, minmay_pentomino_p2
D:2:      layout_rooms, amcnicky_mini_pool_small, grunt_ministairs_4
D:3:      layout_loops_ring, mainiacjoe_overflow_swirl,
          nicolae_vehumet_radiance, serial_shops, shop, serial_bayou,
          serial_bayou_lake_a, serial_bayou_ford_a, serial_bayou_pond_b,
          serial_bayou_pond_c, serial_bayou_lagoon_a, nicolae_shop_unique_rings,
          kennysheep_nondescript, corexii_shack, minmay_cut_off
D:4:      nicolae_cairo_tiling_large, layout_loops_ring
D:5:      layout_loops_ring, nzn_overflow_gifts_of_might_and_magic,
          fedhas_bush_and_centaur_altar, nicolae_tso_besieged_by_evil,
          lemuel_temple_firewalk_b, ebering_ghost_reflecting_pool,
          uniq_menkaure, uniq_grinder, uniq_blork_the_orc, uniq_pikel,
          uniq_edmund
D:6:      layout_basic, uniq_duvessa
D:7:      layout_loops_corners, kennysheep_mini_moat, serial_shops,
          nicolae_shop_crystal, nicolae_shop_hallway_stairs,
          nicolae_shop_back_alley_shop, nicolae_lava_and_water,
          corexii_leaking_fountain
D:8:      layout_cave_pools, mainiacjoe_overflow_chevrons,
          dancing_weapons_uskayaw, serial_gnoll_camp, gnoll_camp_mini_house,
          gnoll_camp_medium_01, gnoll_camp_huts_moat, gnoll_camp_mini_house,
          nicolae_ossuary_entry_monument
D:9:      layout_loops_ring, worldfamousw_hep_ancestral_shrine,
          marbit_many_paths, grunt_lair_entry_orc_guard_hut, uniq_erica
D:10:     layout_basic, mainiacjoe_overflow_alcove_4, xom_redecorated,
          statue_in_the_mist_lemuel, uniq_josephine, uniq_nergalle
Temple:   pf_temple_reverse_labyrinth
Lair:1:   layout_cave_pods

Skill      XL: |  1  2  3  4  5  6  7  8  9 10 11 12 |
---------------+-------------------------------------+-----
Fighting       | 2 3 4 5 6 7 9 10 | 10.0
Shapeshifting  | 4 5 6 7 9 10 | 10.6
Unarmed Combat | 4 5 6 7 8 10 | 10.3
Dodging        | 4 5 8 |  8.4

Action                     |  1- 3 |  4- 6 |  7- 9 | 10-12 || total
---------------------------+-------+-------+-------+-------++-------
  Melee: Unarmed           |    66 |   135 |   213 |   473 ||   887
         Constrict         |    19 |    42 |    41 |    96 ||   198
         Tentacles         |    11 |    32 |    52 |   155 ||   250
         Punch             |     1 |     2 |     4 |     4 ||    11
  Throw: Dart              |       |       |     2 |       ||     2
  Evoke: Wand              |       |       |     5 |    16 ||    21
    Use: Scroll            |       |       |     8 |    16 ||    24
         Potion            |       |       |     3 |     4 ||     7
   Stab: Sleeping          |     8 |     7 |     2 |     1 ||    18
         Betrayed ally     |       |       |     1 |       ||     1
         Distracted        |       |       |       |     2 ||     2
 Armour: Skin              |    30 |    60 |   106 |   232 ||   428
  Dodge: Dodged            |    33 |    68 |    93 |   346 ||   540
   Form: Flux              |       |       |     1 |       ||     1

Table legend: (Time is in decaauts)
 A = Elapsed time spent in this place.
 B = Non-inter-level travel time spent in this place.
 C = Inter-level travel time spent in this place.
 D = Time resting spent in this place.
 E = Time spent auto-exploring this place.
 F = Levels seen in this place.
 G = Mean time per level.
                   A        B        C        D        E       F      G
               +--------+--------+--------+--------+--------+-----+--------+
         Total |  14773 |  14372 |    401 |    897 |  11083 |  13 | 1136.4 |
       Dungeon |  13923 |  13633 |    290 |    821 |  10549 |  10 | 1392.3 |
        Temple |    112 |      2 |    110 |      0 |      0 |   1 |  112.0 |
          Lair |    329 |    329 |      0 |      0 |    286 |   1 |  329.0 |
       Ossuary |    407 |    407 |      0 |     76 |    248 |   1 |  407.0 |
               +--------+--------+--------+--------+--------+-----+--------+

Top non-repeatable levels by time:
     D:8: 2396 daAuts
     D:7: 2229 daAuts
     D:5: 1786 daAuts
     D:9: 1518 daAuts
     D:6: 1208 daAuts
     D:1: 1204 daAuts
     D:4: 1082 daAuts
     D:3: 966 daAuts
    D:10: 915 daAuts
     D:2: 613 daAuts
 Ossuary: 407 daAuts
  Lair:1: 329 daAuts
  Temple: 112 daAuts
